 Dungeon Crawl Stone Soup version 0.23-a0-456-gc514d67198 (webtiles) character file.

11 LostNumber the Caller (level 2, -5/20 HPs)
             Began as a Mummy Summoner on Nov 25, 2018.
             Slain by a worm (12 damage)
             ... on level 2 of the Dungeon.
             The game lasted 00:03:10 (1679 turns).

LostNumber the Caller (Mummy Summoner)              Turns: 1679, Time: 00:03:11

Health: -5/20      AC:  2    Str: 11    XL:     2   Next: 17%
Magic:  5/6        EV: 12    Int: 14    God:
Gold:   11         SH:  0    Dex: 12    Spells: 4/7 levels left

rFire    x . .     SeeInvis .   (no weapon)
rCold    + . .     Gourm    .   (no shield)
rNeg     + + +     Faith    .   a - +0 robe
rPois    ∞         Spirit   .   (no helmet)
rElec    .         Reflect  .   (no cloak)
rCorr    .         Harm     .   (no gloves)
MR       .....                  (no boots)
Stlth    ++........             (no amulet)
HPRegen  0.06/turn              (no ring)
MPRegen  0.10/turn              (no ring)

@: no status effects
A: no food or potions, fire vulnerability, cold resistance 1, negative energy
resistance 3, torment resistance, unbreathing
a: no special abilities


You were on level 2 of the Dungeon.
You were not hungry.

You visited 1 branch of the dungeon, and saw 2 of its levels.

You collected 11 gold pieces.

Inventory:

Armour
 a - a +0 robe (worn)


   Skills:
 + Level 0.6 Fighting
 - Level 1.5 Dodging
 - Level 1.5 Stealth
 + Level 3.0 Spellcasting
 * Level 3.5 Summonings


You had 4 spell levels left.
You knew the following spells:

 Your Spells              Type           Power        Failure   Level  Hunger
a - Summon Small Mammal   Summ           ##..         4%          1    N/A
b - Call Imp              Summ           ##......     8%          2    N/A

Your spell library contained the following spells:

 Spells                   Type           Power        Failure   Level  Hunger
 Call Canine Familiar     Summ           ##......     16%         3    N/A
 Summon Guardian Golem    Hex/Summ       #.......     30%         3    N/A
 Summon Ice Beast         Ice/Summ       #.......     71%         4    N/A
 Summon Lightning Spire   Summ/Air       #.......     71%         4    N/A

Dungeon Overview and Level Annotations

Branches:
Dungeon (2/15)

Altars:


Innate Abilities, Weirdness & Mutations

You do not eat or drink.
Your flesh is vulnerable to fire.
You are immune to poison.
Your flesh is cold resistant. (rC+)
You are immune to negative energy. (rN+++)
You are immune to unholy pain and torment.
You can survive without breathing.


Message History

The worm is lightly wounded.
The worm completely misses you. The worm bites you.
Your shadow imp hits the worm but does no damage.
You are too injured to fight recklessly!
You are too injured to fight recklessly!
You barely miss the worm.
The worm is lightly wounded.
Your shadow imp hits the worm.
The worm bites you but does no damage.
Unknown command.
You hit the worm but do no damage.
The worm is moderately wounded.
Your shadow imp barely misses the worm.
Unknown command.
Your shadow imp barely misses the worm.
The worm barely misses your shadow imp.
Your shadow imp hits the worm.
Your shadow imp disappears in a puff of smoke!
The worm bites you!
Ouch! That really hurt!
You die...

.# #####.# #.....#
#### #.....# ...
#.....# .#
#!##.....####.# . .#
#...#.##.......> .#
#..w....(###.# .#
#...@....#...### .#
#.......####........#
##.# ##..##..#
#..######<###..# #..
...## #..# #...#.# ≈#
#### ###..# ###.).##
##....# ###...
#..##.# ####.##
#..##.# #.††.#
##.##.# ####.####


You could see a worm.

Vanquished Creatures
  A jackal (D:2)
  A bat (D:1)
  3 kobolds (D:1)
5 creatures vanquished.

Vanquished Creatures (collateral kills)
  2 giant cockroaches (D:1)
  A goblin (D:1)
  2 jackals (D:2)
  A frilled lizard (D:2)
  2 kobolds
  2 rats (D:1)
10 creatures vanquished.

Grand Total: 15 creatures vanquished

Notes
Turn   | Place    | Note
-------+----------+-------------------------------------------
     0 | D:1      | LostNumber the Mummy Summoner began the quest for the Orb.
     0 | D:1      | Reached XP level 1. HP: 13/13 MP: 4/4
  1065 | D:1      | Reached XP level 2. HP: 19/20 MP: 3/5
  1186 | D:1      | Learned a level 2 spell: Call Imp
  1679 | D:2      | Slain by a worm

Vault maps used:
D:1:      onia_arrival_pentagram, minivault_25
D:2:      lightli_temple_of_fire, first_ration

Skill      XL: |  1  2 |
---------------+-------+-----
Spellcasting   | 3 |  3.0
Fighting       | |  0.6
Dodging        | |  1.5
Stealth        | |  1.5
Summonings     | |  3.5

Action                   || total
-------------------------++-------
Melee: Unarmed           ||    73
 Cast: Summon Small Mamm ||    13
       Call Imp          ||     5
Armor: Robe              ||    14
Dodge: Dodged            ||    53

Table legend:
 A = Non-vault XP
 B = Vault XP
 C = Vault XP percentage of total XP
 D = Non-vault monster count
 E = Vault monster count
 F = Vault count percentage of total count
                 A         B        C        D         E       F
            +---------+---------+-------+---------+---------+-------
      Total |      17 |       0 |   0.0 |      15 |       0 |   0.0
            +---------+---------+-------+---------+---------+-------
        D:1 |      12 |       0 |   0.0 |      10 |       0 |   0.0
        D:2 |       5 |       0 |   0.0 |       5 |       0 |   0.0
            +---------+---------+-------+---------+---------+-------
